 Dungeon Crawl Stone Soup version 0.28-a0-79-g444c7a33f5 (webtiles) character file.

Game seed: 17759572186129357257

61441 nakriel the Geomancer (level 15, 0/127 HPs)
             Began as a Ghoul Earth Elementalist on July 27, 2021.
             Was the Champion of Makhleb.
             Slain by an anaconda (11 damage)
             ... on level 2 of the Lair of Beasts on June 22, 2022.
             The game lasted 03:32:35 (40821 turns).

nakriel the Geomancer (Ghoul Earth Elementalist)   Turns: 40821, Time: 03:32:35

Health: 0/127      AC: 19    Str: 20    XL:     15   Next: 2%
Magic:  1/28       EV: 10    Int: 15    God:    Makhleb [******]
Gold:   580        SH:  5    Dex:  9    Spells: 17/34 levels left

rFire   + + .      SeeInvis .     - Unarmed
rCold   + + .      Faith    +   f - +1 buckler {rC+ rF+}
rNeg    + + +      Spirit   .   g - +4 steam dragon scales
rPois   ∞          Reflect  .   w - +2 helmet
rElec   .          Harm     .   E - +2 cloak
rCorr   .          Rampage  .   (no gloves)
Will    +....                   I - +1 pair of boots
Stlth   ++........              B - amulet of faith
HPRegen 0.00/turn               Z - ring of protection from fire
MPRegen 0.21/turn               J - +6 ring of strength

@: mighty, inhibited regen, constricted
A: claws 1, cold resistance 1, negative energy resistance 3, inhibited
regeneration, torment resistance 2
a: Renounce Religion, Minor Destruction, Lesser Servant of Makhleb, Major
Destruction, Greater Servant of Makhleb


You were on level 2 of the Lair of Beasts.
You worshipped Makhleb.
Makhleb was exalted by your worship.
You visited 5 branches of the dungeon, and saw 23 of its levels.

You collected 1300 gold pieces.
You spent 720 gold pieces at shops.

Inventory:

Hand Weapons
 s - a +0 spectral rapier
Missiles
 c - 662 stones
 j - 69 poisoned darts (quivered)
 z - 2 boomerangs of dispersal
 Q - 10 curare-tipped darts
Armour
 f - a +1 buckler of resistance (worn)
 g - +4 steam dragon scales (worn)
 w - a +2 helmet (worn)
 E - a +2 cloak (worn)
 I - a +1 pair of boots (worn)
 K - a +2 robe of willpower
Magical Staves
 l - a staff of earth
Jewellery
 y - a +6 ring of dexterity
 B - an amulet of faith (around neck)
 D - a ring of resist corrosion
 J - a +6 ring of strength (right claw)
 L - a ring of see invisible
 M - an amulet of the acrobat
 O - a ring of protection from cold
 P - a +4 ring of evasion
 T - the ring "Kineme" {Fly rC- rN+ MP+9 Slay+3}
   (You found it on level 6 of the Lair of Beasts)

   [ring of flight]

   Slay:      It affects your accuracy & damage with ranged weapons and melee
   (+3).
   rC:        It makes you vulnerable to cold.
   rN:        It protects you from negative energy.
   MP:        It affects your magic capacity (+9).
   Fly:       It grants you flight.
 Z - a ring of protection from fire (left claw)
Wands
 b - a wand of paralysis (6)
 p - a wand of iceblast (14)
 C - a wand of charming (8)
 H - a wand of flame (77)
 N - a wand of polymorph (7)
 R - a wand of mindburst (9)
 Y - a wand of acid (28)
Scrolls
 a - 3 scrolls of teleportation
 d - 2 scrolls of enchant weapon
 e - 2 scrolls of holy word
 m - 3 scrolls of immolation
 o - a scroll of fog
 q - 3 scrolls of magic mapping
 r - 3 scrolls of silence
 u - a scroll of fear
 v - a scroll of blinking
 F - a scroll of brand weapon
 V - 2 scrolls of identify
Potions
 i - 5 potions of curing
 n - a potion of ambrosia
 t - 4 potions of resistance
 x - 2 potions of flight
 G - a potion of invisibility
 U - a potion of attraction
 X - 5 potions of haste
Miscellaneous
 h - a box of beasts


   Skills:
 - Level 10.3 Fighting
 + Level 5.7 Armour
 - Level 5.0 Dodging
 - Level 2.1 Stealth
 - Level 4.0 Shields
 - Level 6.0 Unarmed Combat
 - Level 10.0 Spellcasting
 + Level 6.8 Conjurations
 - Level 5.0 Hexes
 - Level 6.8 Necromancy
 - Level 3.2 Transmutations
 + Level 4.3 Fire Magic
 - Level 1.8 Ice Magic
 - Level 13.6 Earth Magic
 - Level 1.5 Invocations


You had 17 spell levels left.
You knew the following spells:

 Your Spells              Type           Power      Damage    Failure   Level
a - Sandblast             Erth           96%        2d20      1%          1
b - Passwall              Tmut/Erth      26%        N/A       1%          2
c - Stone Arrow           Conj/Erth      76%        3d11      1%          3
d - Petrify               Tmut/Erth      32%        N/A       3%          4
e - Vampiric Draining     Necr           13%        2d7       1%          3
f - Leda's Liquefaction   Hex/Erth       17%        N/A       1%          4

Your spell library contained the following spells:

 Spells                   Type           Power      Damage    Failure   Level
 Animate Skeleton         Necr           54%        N/A       1%          1
 Foxfire                  Conj/Fire      96%        2x1d8     1%          1
 Pain                     Necr           100%       1d9       1%          1
 Slow                     Hex            22%        N/A       1%          2
 Confusing Touch          Hex            22%        N/A       3%          3
 Conjure Flame            Conj/Fire      24%        6-21      3%          3
 Inner Flame              Hex/Fire       21%        N/A       4%          3
 Bolt of Magma            Conj/Fire/Erth 16%        4d9       9%          5
 Summon Small Mammal      Summ           28%        N/A       10%         1
 Sticky Flame             Conj/Fire      24%        2d5       10%         4
 Ignite Poison            Fire/Tmut/Pois 15%        N/A       11%         3
 Portal Projectile        Hex/Tloc       30%        N/A       11%         3
 Summon Guardian Golem    Hex/Summ       15%        N/A       11%         3
 Cause Fear               Hex            11%        N/A       12%         4
 Hailstorm                Conj/Ice       20%        3d6       16%         4
 Iskenderun's Battlesphe  Conj           28%        2d8       16%         5
 Iron Shot                Conj/Erth      19%        9d4       22%         6
 Fireball                 Conj/Fire      12%        3d7       26%         5
 Call Canine Familiar     Summ           7%         N/A       28%         3
 Irradiate                Conj/Tmut      11%        3d17      34%         5
 Conjure Ball Lightning   Conj/Air       8%         3x3d6     98%         6
 Orb of Destruction       Conj           14%        9d7       99%         7
 Ozocubu's Refrigeration  Ice            6%         4d6       100%        7
 Spellforged Servitor     Conj/Summ      8%         N/A       100%        7
 Chain Lightning          Conj/Air       8%         3d11      100%        9
 Dragon's Call            Summ           3%         N/A       100%        9
 Fire Storm               Conj/Fire      12%        8d3       100%        9
 Shatter                  Erth           24%        3d21*     100%        9
 Sublimation of Blood     Necr           Unusable   N/A       N/A         2
 Statue Form              Tmut/Erth      Unusable   N/A       N/A         6
 Dragon Form              Tmut           Unusable   N/A       N/A         7

Dungeon Overview and Level Annotations

Branches:
Dungeon (13/15)            Temple (1/1) D:4            Lair (6/6) D:11
 Shoals (0/4) Lair:4        Snake (1/4) Lair:2        Slime (0/5) Lair:5
    Orc (2/2) D:9             Elf (0/3) Orc:2
 Vaults: D:13-14

Altars:
Ashenzari
Cheibriados
Dithmenos
Elyvilon
Fedhas
Gozag
Hepliaklqana
Kikubaaqudgha
Makhleb
Nemelex Xobeh
Okawaru
Qazlal
Ru
Sif Muna
Trog
Uskayaw
Vehumet
Wu Jian
Xom
Yredelemnul
Zin
The Shining One
Jiyva

Shops:
D:1 *   D:4 *   D:5 :[   Orc:1 :

Annotations:
D:8 exclusions: tengu warrior and 1 more exclusion
D:11 exclusion: downstairs
D:12 exclusions: 6 doors and 1 more exclusion
Lair:4 1 exclusion


Innate Abilities, Weirdness & Mutations

You thrive by killing the living.
You are immune to poison.
You have sharp fingernails.
Your flesh is cold resistant. (rC+)
You are immune to negative energy. (rN+++)
You do not regenerate when monsters are visible.
You are immune to unholy pain and torment.


Message History

The anaconda bites you but does no damage.
* * * LOW HITPOINT WARNING * * *
The anaconda constricts you.
You feel much better.
The mana viper bites you but does no damage.
The black mamba bites you but does no damage.
The anaconda bites you!
* * * LOW HITPOINT WARNING * * *
The anaconda constricts you. The mana viper barely misses you.
The black mamba bites you!
* * * LOW HITPOINT WARNING * * *
You feel much better. The anaconda bites you. The anaconda constricts you.
The black mamba barely misses you. The anaconda bites you.
The anaconda constricts you. The mana viper barely misses you.
You escape the anaconda's grasp.
The black mamba closely misses you. The mana viper bites you!
You feel your power leaking away. You block the anaconda's attack.
The anaconda closely misses you. The black mamba bites you!
* * * LOW HITPOINT WARNING * * *
You climb upwards.
Welcome back to the Lair of Beasts!
There is a staircase to the Snake Pit here.
Casting: Stone Arrow (safe; 1% risk of failure)
Confirm with . or Enter, or press ? or * to list all spells.
Okay, then.
The black mamba closely misses you. The anaconda barely misses you.
You block the anaconda's attack. The black mamba misses you.
The mana viper closely misses you. The anaconda grabs you.
The anaconda bites you!
* * * LOW HITPOINT WARNING * * *
x2 The anaconda constricts you.
The black mamba bites you!
* * * LOW HITPOINT WARNING * * *
Things that are here:
a +0 robe; a +0 glaive You feel much better.
The anaconda bites you!
* * * LOW HITPOINT WARNING * * *
The anaconda constricts you. The black mamba bites you.
* * * LOW HITPOINT WARNING * * *
The mana viper closely misses you. The anaconda bites you!
You die...

.....................#.......##
.##.†.......####.####........##
.##.......###.≈≈.≈≈.##........# #
##P.......##≈.PP.≈..P#.......####
#..#......#P.♣♣.♣♣.♣#.......P.##
##........#.≈♣...♣.♣#..#........
#.#...........>.......#..≈≈≈...
#........#≈.♣SSS♣.♣#.....≈≈≈...
#.#......#≈≈♣♣@♣♣PP#.....≈≈≈..>
#.#.....##≈.PP.PP≈≈#..§#.......
##.#.....###P♣♣.♣≈♣##..§§§§)[...
#..........####.####...§§≈§≈≈[..
#..†)...................§§#≈§...
#P.P.....................≈≈≈§...
#............P#.................
#......................#....#...
#...............................


You could see an anaconda, a mana viper and a black mamba.

Vanquished Creatures
  3 boulder beetles
  3 catoblepae (Lair:4)
  9 hydras
  An anaconda (Snake:1)
  3 death yaks
  3 two-headed ogres
  An orc high priest (D:9)
  Urug (Lair:1)
  A goliath frog (Lair:6)
  A lindwurm (Lair:5)
  A naga ritualist (Snake:1)
  An orc sorcerer (D:9)
  2 cyclopes (D:12)
  5 black mambas
  13 elephants
  6 centaur zombies
  A gargoyle (D:12)
  22 cane toads
  Maggie (D:7)
  2 kobold demonologists
  13 komodo dragons
  4 polar bears
  3 tyrant leeches (Lair:6)
  19 blink frogs
  4 slime creatures
  5 dream sheep (Lair:5)
  A meliai zombie (D:10)
  A water elemental (D:13)
  2 shadows
  40 yaks
  2 wraiths
  3 wyverns
  3 basilisks
  3 fire bats (Lair:1)
  3 steam dragons
  10 vampire mosquitoes
  4 wargs
  4 nagas (Lair:2)
  An acid dragon (D:11)
  16 water moccasins
  10 orc warriors
  2 ice beasts
  3 black bears
  A necrophage (D:5)
  4 ogres
  10 centaurs
  11 wolves
  4 kobold brigands
  15 bullfrogs
  2 scorpions (D:6)
  A gnoll sergeant (D:10)
  2 wyvern zombies
  A killer bee (D:6)
  6 electric eels
  4 howler monkeys
  2 jellies
  4 orc priests
  A bullfrog skeleton (D:6)
  2 centaur skeletons (D:5)
  3 iguanas
  13 orc wizards
  A killer bee zombie (D:7)
  A hound skeleton (D:2)
  2 howler monkey zombies
  Robin (D:3)
  9 gnolls
  5 adders
  A howler monkey skeleton (D:7)
  2 white imps
  An ufetubus (D:4)
  An adder skeleton (D:4)
  2 worms
  The ghost of Zgarb the Covert, a weakling GnDe of Fedhas (D:5)
  2 dart slugs
  29 orcs
  8 endoplasms
  4 giant cockroaches
  17 goblins
  6 hobgoblins
  11 jackals
  23 kobolds
  5 quokkas
  6 ball pythons
  5 bats
  4 frilled lizards
  3 rats
472 creatures vanquished.

Vanquished Creatures (collateral kills)
  A vampire mosquito (D:6)
  5 scorpions (D:6)
  A killer bee (D:6)
  3 giant cockroaches (D:6)
  A butterfly (D:6)
11 creatures vanquished.

Vanquished Creatures (others)
  34 fungi
  118 plants
152 creatures vanquished.

Grand Total: 635 creatures vanquished

Notes
Turn   | Place    | Note
-------+----------+-------------------------------------------
     0 | D:1      | nakriel the Ghoul Earth Elementalist began the quest for
                  | the Orb.
     0 | D:1      | Reached XP level 1. HP: 14/14 MP: 2/2
   338 | D:1      | Found a faded altar of an unknown god.
   350 | D:1      | Reached XP level 2. HP: 21/22 MP: 0/3
   356 | D:1      | Reached skill level 1 in Unarmed Combat
   475 | D:1      | Reached skill level 1 in Fighting
   696 | D:1      | Reached XP level 3. HP: 16/28 MP: 1/5
   849 | D:1      | Found Hezotz's General Store.
  1849 | D:2      | Reached XP level 4. HP: 36/36 MP: 4/6
  2797 | D:3      | Noticed Robin
  2888 | D:3      | Killed Robin
  2889 | D:3      | Reached skill level 4 in Earth Magic
  2889 | D:3      | Reached XP level 5. HP: 38/42 MP: 2/7
  4105 | D:4      | Reached skill level 5 in Earth Magic
  4105 | D:4      | Reached XP level 6. HP: 50/50 MP: 3/9
  4108 | D:4      | Learned a level 2 spell: Passwall
  4112 | D:4      | Learned a level 3 spell: Stone Arrow
  4519 | D:4      | Found a staircase to the Ecumenical Temple.
  4666 | D:4      | Found Saisiphe's Assorted Antiques.
  4703 | D:4      | Bought a glowing cloak for 180 gold pieces
  5081 | Temple   | Entered the Ecumenical Temple
  5556 | Temple   | Became a worshipper of Makhleb the Destroyer
  5637 | D:5      | Entered Level 5 of the Dungeon
  5887 | D:5      | Found a runed translucent gate.
  5887 | D:5      | Found a runed translucent gate.
  5887 | D:5      | Found a runed translucent gate.
  5887 | D:5      | Noticed Zgarb's ghost (weakling GnDe)
  5905 | D:5      | Reached skill level 6 in Earth Magic
  5921 | D:5      | Reached XP level 7. HP: 56/56 MP: 6/11
  5952 | D:5      | Found Coref's Armour Emporium.
  6525 | D:5      | Reached skill level 7 in Earth Magic
  6922 | D:5      | Found Quotrocs's Book Boutique.
  7041 | D:5      | Reached skill level 1 in Armour
  7423 | D:5      | Reached XP level 8. HP: 42/62 MP: 1/13
  7423 | D:5      | Killed Zgarb's ghost
  7639 | D:6      | Reached * piety under Makhleb
  7866 | D:6      | Reached skill level 8 in Earth Magic
  9023 | D:6      | Reached skill level 9 in Earth Magic
  9023 | D:6      | Reached XP level 9. HP: 68/68 MP: 5/15
  9177 | D:6      | Reached skill level 5 in Spellcasting
  9177 | D:6      | Reached skill level 1 in Transmutations
 10183 | D:6      | Found a runed translucent door.
 10191 | D:6      | Found a runed translucent door.
 12089 | D:8      | Noticed Maggie
 12189 | D:8      | Got the Guide on the Twisted Frostbite
 12224 | D:8      | Reached ** piety under Makhleb
 12267 | D:8      | Noticed a tengu warrior
 12330 | D:8      | HP: 3/72 [tengu warrior (12)]
 12704 | D:8      | Reached skill level 1 in Ice Magic
 12709 | D:8      | Reached skill level 1 in Necromancy
 12872 | D:7      | Killed Maggie
 12873 | D:7      | Reached skill level 5 in Fighting
 12873 | D:7      | Reached XP level 10. HP: 74/81 MP: 4/18
 13263 | D:8      | Learned a level 4 spell: Petrify
 13383 | D:8      | Found an iron altar of Okawaru.
 14958 | D:9      | Reached *** piety under Makhleb
 15308 | D:9      | Found a staircase to the Orcish Mines.
 15652 | D:8      | Reached skill level 5 in Unarmed Combat
 16126 | D:9      | Upgraded the game from 0.28-a0-32-g8dfe7f97f6 to
                  | 0.28-a0-79-g444c7a33f5
 16173 | D:10     | Entered Level 10 of the Dungeon
 16224 | D:10     | Reached skill level 5 in Necromancy
 16319 | D:10     | Reached skill level 1 in Conjurations
 16744 | D:10     | Noticed a kobold demonologist
 16745 | D:10     | Noticed a soul eater
 16793 | D:10     | Noticed a two-headed ogre
 16980 | D:10     | Noticed a smoke demon
 16980 | D:10     | Killed a kobold demonologist
 16981 | D:10     | Reached XP level 11. HP: 86/86 MP: 8/21
 17146 | D:10     | Learned a level 3 spell: Vampiric Draining
 17873 | D:10     | Killed a two-headed ogre
 18758 | D:11     | Reached skill level 10 in Earth Magic
 19008 | D:11     | Reached **** piety under Makhleb
 19176 | D:11     | Noticed a two-headed ogre
 19189 | D:11     | Killed a two-headed ogre
 19475 | D:11     | Found a staircase to the Lair.
 20151 | D:12     | Noticed a boulder beetle
 20209 | D:12     | Noticed a five-headed hydra
 20459 | D:12     | Noticed an eight-headed hydra
 20469 | D:12     | Killed an eight-headed hydra
 20560 | D:12     | Killed a five-headed hydra
 20862 | D:12     | Noticed a cyclops
 20899 | Lair:1   | Entered Level 1 of the Lair of Beasts
 21048 | Lair:1   | Reached skill level 11 in Earth Magic
 21048 | Lair:1   | Reached XP level 12. HP: 96/96 MP: 7/23
 22134 | Lair:1   | Identified the +8 hand axe "Imoorch" {freeze, rC- Int+8
                  | Dex-3 SInv}
 22247 | Lair:1   | Noticed Urug
 23225 | Lair:2   | Reached skill level 1 in Invocations
 23256 | Lair:2   | Found a staircase to the Snake Pit.
 23656 | D:5      | Bought a book of Stone for 540 gold pieces
 23877 | Lair:2   | Reached skill level 12 in Earth Magic
 23896 | Lair:2   | Reached skill level 1 in Hexes
 24391 | Lair:2   | Identified a scroll of acquirement
 24392 | Lair:2   | Acquired a staff of earth
 24588 | Lair:2   | Reached ***** piety under Makhleb
 24933 | Lair:3   | Noticed a five-headed hydra
 24939 | Lair:3   | Killed a five-headed hydra
 26146 | Lair:4   | Reached XP level 13. HP: 110/110 MP: 12/25
 26589 | Lair:4   | Found a staircase to the Shoals.
 26828 | Lair:4   | Reached skill level 5 in Hexes
 27172 | Lair:4   | Acquired a +1 buckler of resistance
 27210 | Lair:4   | Reached skill level 1 in Shields
 27632 | Lair:4   | Reached skill level 13 in Earth Magic
 28272 | Lair:4   | Learned a level 4 spell: Leda's Liquefaction
 28534 | Lair:5   | Found a staircase to the Slime Pits.
 28534 | Lair:5   | Found a viscous altar of Jiyva.
 31274 | Lair:5   | Reached skill level 10 in Fighting
 32002 | Lair:5   | Reached XP level 14. HP: 121/121 MP: 1/26
 32230 | Lair:6   | Entered Level 6 of the Lair of Beasts
 32656 | Lair:6   | Reached skill level 5 in Conjurations
 33230 | Lair:6   | Reached skill level 5 in Armour
 33230 | Lair:6   | Reached skill level 5 in Dodging
 33980 | Lair:6   | Reached ****** piety under Makhleb
 34570 | Lair:6   | Reached skill level 1 in Fire Magic
 34671 | Lair:6   | Reached skill level 10 in Spellcasting
 36190 | Lair:6   | Identified the ring "Kineme" {Fly rC- rN+ MP+9 Slay+3}
 37004 | Orc:1    | Entered Level 1 of the Orcish Mines
 37004 | Orc:1    | Found Jyemam's Book Boutique.
 37120 | Orc:1    | Paralysed by an orc sorcerer for 5 turns
 38050 | Orc:2    | Entered Level 2 of the Orcish Mines
 38050 | Orc:2    | Found a staircase to the Elven Halls.
 38571 | Lair:1   | Killed Urug
 40780 | Snake:1  | Entered Level 1 of the Snake Pit
 40793 | Snake:1  | Reached XP level 15. HP: 127/127 MP: 6/28
 40821 | Lair:2   | Slain by an anaconda

Illustrated notes

Levels and vault maps discovered:
D:1:      minmay_arrival_radiant_lines, layout_loops_ring, serial_shops,
          nicolae_shop_competitors_out_of_business,
          hellmonk_ecumenical_altar_crossroads, minmay_pentomino_z4
D:2:      layout_basic
D:3:      layout_loops_ring, serial_forest, infiniplex_forest_straight_4,
          infiniplex_forest_straight_3, infiniplex_forest_straight_4,
          infiniplex_forest_lined_room_, infiniplex_forest_clump_diagonal,
          infiniplex_forest_clump_medium, infiniplex_forest_straight_1,
          infiniplex_forest_straight_2, infiniplex_forest_straight_2, uniq_robin
D:4:      layout_cave_pods, minmay_temple_entry_fiery, serial_shops, shop
D:5:      layout_loops_ring, serial_shops,
          nicolae_shop_competitors_out_of_business, nicolae_shop_trees,
          gammafunk_ghost_nasty_kobolds, minmay_misc_feat_chi, dk_noncrumbling_4
D:6:      lemuel_insect_pit, layout_basic, serial_bayou, serial_bayou_shore_a,
          serial_bayou_pond_e, serial_bayou_pond_e, serial_bayou_pond_c
D:7:      layout_basic, grunt_ministairs_13, kennysheep_nub, st_stairs_12
D:8:      layout_rooms, mainiacjoe_overflow_alcove_1,
          hellmonk_guarded_unrand_lears, uniq_maggie
D:9:      layout_stronghold, orc_0_dummy
D:10:     layout_long_grid, minivault_21
D:11:     layout_big_octagon, erik_lair_orcish_takeover
D:12:     layout_stronghold, hellmonk_guarded_unrand_dark_maul
D:13:     layout_basic, minmay_misc_feat_cross
Temple:   nicolae_temple_the_god_donut
Lair:1:   layout_regular_city, nicolae_volcano_entry_batcave, st_stairs_6,
          chequers_serial_rivers_marsh, serial_bayou_shore_b,
          grunt_megastairs_2, uniq_urug
Lair:2:   layout_gridlike, guppyfry_snake_entry_garden
Lair:3:   layout_loops_ring, grunt_megastairs_4
Lair:4:   layout_small_grid, minmay_shoals_entry_centaurs, grunt_megastairs_1
Lair:5:   layout_cave_pods, slime_altar_1, eino_small_chamber_without_monster,
          lookout_lair_type, lemuel_fruit_tree
Lair:6:   minmay_lair_end_frog_pond, layout_regular_city
Snake:1:  layout_rooms, basic_altar, grunt_ministairs_5, uniq_asterion,
          uniq_frances, uniq_roxanne
Orc:1:    layout_caves, serial_shops, shop_fountains
Orc:2:    pf_orc_diabolical, layout_caves, sword_in_stone, uniq_donald

Skill      XL: |  1  2  3  4  5  6  7  8  9 10 11 12 13 14 |
---------------+-------------------------------------------+-----
Unarmed Combat | 1 2 4 6 |  6.0
Fighting       | 1 2 5 6 8 10 | 10.3
Spellcasting   | 2 3 4 6 7 8 9 10 | 10.0
Earth Magic    | 4 5 6 7 9 11 12 13 | 13.6
Dodging        | 2 3 4 5 |  5.0
Armour         | 1 3 4 5 |  5.7
Transmutations | 3 |  3.2
Ice Magic      | 1 |  1.8
Necromancy     | 1 5 6 |  6.8
Conjurations   | 2 3 4 6 |  6.8
Invocations    | 1 |  1.5
Hexes          | 4 5 |  5.0
Shields        | 4 |  4.0
Fire Magic     | 4 |  4.3
Stealth        | |  2.1

Action                   |  1- 3 |  4- 6 |  7- 9 | 10-12 | 13-15 || total
-------------------------+-------+-------+-------+-------+-------++-------
Melee: Unarmed           |    67 |   150 |   180 |   406 |   404 ||  1207
       Punch             |       |     1 |     3 |    12 |     5 ||    21
       Staff             |       |       |       |     3 |    16 ||    19
       Rapier            |       |       |       |       |     4 ||     4
Throw: Dart              |       |       |     4 |    18 |    70 ||    92
       Stone             |       |       |       |       |     1 ||     1
 Cast: Sandblast         |    27 |    77 |    16 |       |       ||   120
       Stone Arrow       |       |     1 |    88 |   266 |   382 ||   737
       Passwall          |       |     1 |     1 |       |       ||     2
       Petrify           |       |       |       |     7 |     1 ||     8
       Vampiric Draining |       |       |       |    42 |    90 ||   132
       Leda's Liquefacti |       |       |       |       |    31 ||    31
Evoke: Wand              |       |       |     3 |     5 |       ||     8
  Use: Scroll            |       |     6 |     7 |    15 |     8 ||    36
       Potion            |       |     2 |     3 |       |    10 ||    15
 Stab: Sleeping          |     2 |     2 |     1 |       |       ||     5
       Petrified         |       |       |       |     4 |     4 ||     8
Armor: Robe              |    14 |    39 |    95 |       |       ||   148
       Steam dragon scal |       |       |       |   246 |   365 ||   611
Dodge: Dodged            |    61 |    90 |   156 |   385 |   491 ||  1183
Block: Buckler           |       |       |       |       |   122 ||   122

Table legend: (Time is in decaauts)
 A = Elapsed time spent in this place.
 B = Non-inter-level travel time spent in this place.
 C = Inter-level travel time spent in this place.
 D = Time resting spent in this place.
 E = Time spent auto-exploring this place.
 F = Levels seen in this place.
 G = Mean time per level.
                   A        B        C        D        E       F      G
               +--------+--------+--------+--------+--------+-----+--------+
         Total |  40923 |  38935 |   1988 |  16672 |   6583 |  23 | 1779.3 |
       Dungeon |  23325 |  22036 |   1289 |   8313 |   2753 |  13 | 1794.2 |
        Temple |    516 |    516 |      0 |      0 |    230 |   1 |  516.0 |
          Lair |  16343 |  15645 |    698 |   8007 |   3518 |   6 | 2723.8 |
     Snake Pit |     36 |     36 |      0 |      0 |      0 |   1 |   36.0 |
  Orcish Mines |    700 |    700 |      0 |    352 |     82 |   2 |  350.0 |
               +--------+--------+--------+--------+--------+-----+--------+

Top non-repeatable levels by time:
  Lair:5: 4054 daAuts
     D:6: 3460 daAuts
  Lair:6: 3448 daAuts
     D:9: 3380 daAuts
  Lair:4: 3235 daAuts
    D:10: 2517 daAuts
    D:12: 2236 daAuts
  Lair:1: 2163 daAuts
  Lair:2: 1766 daAuts
     D:4: 1755 daAuts
     D:7: 1726 daAuts
  Lair:3: 1676 daAuts
    D:11: 1584 daAuts
     D:1: 1550 daAuts
     D:5: 1493 daAuts
